 Dungeon Crawl Stone Soup version 0.28-a0-1429-gf3d713df7a (webtiles) character file.

Game seed: 13829636087484425372

65 nomicflux the Conjurer (level 3, 0/28 HPs)
             Began as a Draconian Conjurer on Jan 8, 2022.
             Was a Believer of Yredelemnul.
             Slain by a gnoll (1 damage)
             ... on level 2 of the Dungeon.
             The game lasted 00:05:23 (1429 turns).

nomicflux the Conjurer (Draconian Conjurer)         Turns: 1429, Time: 00:05:24

Health: 0/28       AC:  6    Str:  9    XL:     3   Next: 94%
Magic:  1/6        EV: 12    Int: 20    God:    Yredelemnul [**....]
Gold:   72         SH:  0    Dex:  9    Spells: 3/6 levels left

rFire   . . .      SeeInvis .   h - staff of earth
rCold   . . .      Faith    .   (no shield)
rNeg    . . .      Spirit   .   (armour unavailable)
rPois   .          Reflect  .   (helmet restricted)
rElec   .          Harm     .   e - +0 cloak
rCorr   .          Rampage  .   (no gloves)
Will    .....                   (no boots)
Stlth   ++........              (no amulet)
HPRegen 0.09/turn               (no ring)
MPRegen 0.10/turn               (no ring)

@: no status effects
A: AC +5, unfitting armour, cold-blooded
a: Renounce Religion, Recall Undead Harvest, Dark Bargain


You were on level 2 of the Dungeon.
You worshipped Yredelemnul.
Yredelemnul was noncommittal.
You visited 1 branch of the dungeon, and saw 2 of its levels.

You collected 72 gold pieces.

Inventory:

Armour
 e - a +0 cloak (worn)
 i - an orb of light
Magical Staves
 h - a staff of earth (weapon)
Scrolls
 a - a scroll of amnesia {unknown}
 b - a scroll of blinking {unknown}
 d - a scroll of holy word {unknown}
 g - a scroll of noise {unknown}
Potions
 c - 2 potions of haste {unknown}
 f - a potion of lignification {unknown}


   Skills:
 + Level 1.6 Fighting
 - Level 1.7 Dodging
 - Level 1.7 Stealth
 + Level 2.4 Spellcasting
 + Level 4.6 Conjurations
 + Level 1.4 Invocations


You had 3 spell levels left.
You knew the following spells:

 Your Spells              Type           Power      Damage    Failure   Level
a - Magic Dart            Conj           84%        1d7       2%          1
b - Searing Ray           Conj           42%        2d6       3%          2

Your spell library contained the following spells:

 Spells                   Type           Power      Damage    Failure   Level
 Dazzling Flash           Conj/Hex       22%        N/A       17%         3
 Fulminant Prism          Conj/Hex       5%         3d7       50%         4
 Iskenderun's Mystic Bla  Conj/Tloc      11%        2d4       50%         4


Dungeon Overview and Level Annotations

Branches:
Dungeon (2/15)

Altars:
Yredelemnul


Innate Abilities, Weirdness & Mutations

Your plain brown scales are hard. (AC +5)
You cannot fit into any form of body armour.
You are cold-blooded and may be slowed by cold attacks.


Message History

Your rat zombie bites the gnoll but does no damage.
You completely miss the gnoll. You tail-slap the gnoll.
You kill the gnoll!
A black mist starts to gather...
You closely miss the gnoll.
The gnoll is severely wounded.
Your rat zombie bites the gnoll but does no damage.
The gnoll hits your rat zombie with a +0 club.
You hit the gnoll.
The gnoll is almost dead.
The gnoll hits you with a +0 club.
The gnoll hits you from afar with a +2 vorpal spear.
Your rat zombie bites the gnoll but does no damage.
You hit the gnoll.
You kill the gnoll!
A black mist starts to gather...
You can now trade souls for undead servants.
The gnoll closely misses you. The gnoll closely misses you.
The gnoll hits you from afar with a +2 vorpal spear.
Your gnoll zombie hits the gnoll.
You swap places.
The gnoll misses you.
Your gnoll zombie hits the gnoll.
Things that are here:
a +0 club; a +0 flail; a +0 flail You barely miss the gnoll.
The gnoll is moderately wounded.
The gnoll barely misses you.
Your gnoll zombie closely misses the gnoll.
The gnoll hits you with a +2 vorpal spear.
You closely miss the gnoll.
The gnoll is moderately wounded.
Your gnoll zombie hits the gnoll.
The gnoll hits you with a +2 vorpal spear!
* * * LOW HITPOINT WARNING * * *
x2 You hit the gnoll but do no damage.
The gnoll is heavily wounded.
The gnoll hits you with a +2 vorpal spear.
* * * LOW HITPOINT WARNING * * *
You die...
Your body rises from the dead as a mindless zombie.

#.# #..#
#.......#.#.
#.#
##..###Z.######
#.# #...ZZ.Z.#
#.. #..#######
### #Z........
#Z######## #.#
#Z#########
#ZZ@gZ..<..
#ZZ########
.....# ......##
#######


You could see a gnoll (ally target), 2 friendly rat zombies, a friendly
hobgoblin zombie, 2 friendly gnoll zombies and a friendly kobold zombie.

Vanquished Creatures
  An adder (D:2)
  3 gnolls (D:2)
  4 bats
  An endoplasm (D:1)
  2 goblins (D:1)
  A hobgoblin (D:1)
  3 ball pythons (D:2)
  2 frilled lizards (D:1)
  A kobold (D:2)
  5 rats
23 creatures vanquished.

Vanquished Creatures (collateral kills)
  A ball python (D:1)
  A goblin (D:1)
  A hobgoblin (D:2)
  A kobold (D:2)
  A frilled lizard (D:2)
  A rat (D:1)
6 creatures vanquished.

Vanquished Creatures (others)
  A bat zombie (D:2)
  2 fungi (D:1)
  4 plants (D:1)
7 creatures vanquished.

Grand Total: 36 creatures vanquished

Notes
Turn   | Place    | Note
-------+----------+-------------------------------------------
     0 | D:1      | nomicflux the Draconian Conjurer began the quest for the
                  | Orb.
     0 | D:1      | Reached XP level 1. HP: 14/14 MP: 3/3
    56 | D:1      | Found a faded altar of an unknown god.
   106 | D:1      | Prayed at the altar of an unknown god.
   106 | D:1      | Became a worshipper of Yredelemnul the Dark
   172 | D:1      | Reached * piety under Yredelemnul
   384 | D:1      | Reached XP level 2. HP: 22/22 MP: 3/5
   468 | D:1      | Learned a level 2 spell: Searing Ray
   475 | D:1      | Reached ** piety under Yredelemnul
  1061 | D:2      | Reached skill level 1 in Fighting
  1207 | D:2      | Reached XP level 3. HP: 28/28 MP: 3/6
  1320 | D:2      | Reached skill level 1 in Invocations
  1429 | D:2      | HP: 1/28 [gnoll (5)]
  1429 | D:2      | Slain by a gnoll

Illustrated notes

Levels and vault maps discovered:
D:1:      co_arrival_square_in_a_square_in_a_square, layout_loops_ring,
          shapermc_ecumenical_altar_hornbeckon
D:2:      layout_loops_ring, minmay_misc_feat_enclosed, uniq_terence

Skill      XL: |  1  2  3 |
---------------+----------+-----
Fighting       | 1 |  1.6
Invocations    | 1 |  1.4
Dodging        | |  1.7
Stealth        | |  1.7
Spellcasting   | |  2.4
Conjurations   | |  4.6

Action                   || total
-------------------------++-------
Melee: Unarmed           ||     2
       Tailslap          ||     2
       Staff             ||    14
 Cast: Magic Dart        ||    32
       Searing Ray       ||     6
Invok: Recall Undead Har ||     1
Armor: Skin              ||     7
Dodge: Dodged            ||    14

Table legend: (Time is in decaauts)
 A = Elapsed time spent in this place.
 B = Non-inter-level travel time spent in this place.
 C = Inter-level travel time spent in this place.
 D = Time resting spent in this place.
 E = Time spent auto-exploring this place.
 F = Levels seen in this place.
 G = Mean time per level.
                   A        B        C        D        E       F      G
               +--------+--------+--------+--------+--------+-----+--------+
         Total |   1452 |   1374 |     78 |    225 |    793 |   2 |  726.0 |
       Dungeon |   1452 |   1374 |     78 |    225 |    793 |   2 |  726.0 |
               +--------+--------+--------+--------+--------+-----+--------+

Top non-repeatable levels by time:
     D:1: 1053 daAuts
     D:2: 399 daAuts
